AoeStats
← SaulSarro

Arabia

507833695Analyzed
2v2 RM · 12d ago on Sep 19, 2026· 87m 8s· 4 players
Game mode
Random Map
Map size
Medium (4 player)
Population
200
Speed
Normal
Resources
Standard
Victory
Conquest
Starting age
Dark Age
Ending age
Imperial Age
RankedLock teamsTeams togetherTeam positionsShared explorationLock speedFull tech treeHidden civsTurbo modeCheats
Victory
Defeat
🇩🇪 Franks · Germany
947
+18
🇲🇽 Bulgarians · Mexico
921
+18
🇲🇽 Magyars · Mexico
989
-18
🇨🇱 Goths · Chile
983
-18
BABAN
0:26 Loom
10:15 Feudal Age
12:23 Wheelbarrow
17:41 Town Watch
20:27 Stone Mining
22:56 Castle Age
21:30 Gold Mining
21:59 Fletching
24:36 Gold Shaft Mining
28:09 Scale Mail Armor
28:13 Squires
28:57 #83
30:00 Arson
32:50 Bodkin Arrow
33:02 Padded Archer Armor
34:15 Hand Cart
35:37 Leather Archer Armor
35:37 Chain Mail Armor
39:04 Imperial Age
37:09 Scale Barding Armor
37:14 Forging
37:52 Husbandry
39:09 Elite Throwing Axeman
40:29 Plate Mail Armor
40:48 Cavalier
41:17 Light Cavalry
42:19 Chain Barding Armor
42:25 Double-Bit Axe
43:17 Paladin
45:50 Plate Barding Armor
47:04 Iron Casting
46:51 Ballistics
47:31 Chemistry
52:33 Blast Furnace
53:06 Bow Saw
56:40 Fortified Wall
60:40 Caravan
63:16 Chivalry
77:45 Arrowslits
84:14 Hoardings
84:00 Conscription
83:51 Elite Skirmisher
SaulSarro
2:21 Loom
12:56 Feudal Age
15:31 Town Watch
19:33 Forging
19:24 Scale Mail Armor
20:17 Scale Barding Armor
26:07 Horse Collar
26:48 Double-Bit Axe
27:19 Bloodlines
31:51 Castle Age
31:44 Fletching
31:55 Padded Archer Armor
33:04 Husbandry
32:25 Light Cavalry
33:59 Bow Saw
35:01 Chain Barding Armor
35:08 Heavy Plow
36:24 Chain Mail Armor
35:53 Elite Skirmisher
36:52 Leather Archer Armor
36:33 Bodkin Arrow
38:23 Iron Casting
38:08 Stone Mining
43:38 Imperial Age
41:58 Squires
41:45 Gambesons
42:48 Arson
45:54 Plate Mail Armor
46:25 Blast Furnace
51:52 Town Patrol
53:09 Murder Holes
54:20 Chemistry
54:15 Conscription
54:50 Plate Barding Armor
58:50 Hussar
61:23 Wheelbarrow
66:13 Elite Konnik
76:19 Thumb Ring
77:17 Caravan
78:00 Bagains
77:58 Stirrups
78:39 Hand Cart
MOROCHO
7:07 Loom
10:08 Feudal Age
10:43 Double-Bit Axe
10:53 Horse Collar
17:17 Wheelbarrow
20:08 Fletching
20:42 Scale Mail Armor
23:03 Castle Age
22:25 Bloodlines
22:48 Gold Mining
24:51 Bodkin Arrow
25:56 Bow Saw
28:56 Ballistics
30:08 Padded Archer Armor
30:45 Hand Cart
35:13 Corvinian Army
39:28 Imperial Age
37:37 Husbandry
41:45 Thumb Ring
41:43 Bracer
47:00 Scale Barding Armor
47:17 Recurve Bow
48:07 Parthian Tactics
48:40 Conscription
53:25 Chemistry
51:53 Pikeman
55:00 Two-Man Saw
57:33 Chain Barding Armor
Shaggy
3:50 Loom
10:24 Feudal Age
10:42 Man-at-Arms
11:59 Double-Bit Axe
16:30 Wheelbarrow
21:06 Fletching
21:17 Padded Archer Armor
23:37 Castle Age
25:29 Pikeman
28:40 Bow Saw
29:54 Scale Mail Armor
33:23 Murder Holes
34:08 Hand Cart
34:12 Anarchy
38:56 Imperial Age
36:27 Horse Collar
38:18 Chain Mail Armor
38:14 Forging
39:27 Squires
39:00 Elite Huskarl
40:26 Iron Casting
39:18 Elite Skirmisher
42:09 Blast Furnace
41:36 Perfusion
44:03 Chemistry
44:32 Bodkin Arrow
44:52 Leather Archer Armor
51:23 Halberdier
53:06 Ballistics
54:08 Bodkin Arrow
54:30 Leather Archer Armor
82:02 Scale Barding Armor
82:14 Light Cavalry
83:05 Bloodlines
82:56 Husbandry
84:25 Chain Barding Armor
83:52 Hussar
Connection lost

Rejoining the realm…

Still unreachable

The connection could not be restored.

Session expired

The server has moved on; the page needs a fresh start.